Map: Imperio eterno EE

Players

Bombs

  • Race: Terran Terran
  • Spawn Location: 7:00

IA (Élite) - Winner!

  • Race: Terran Terran
  • Spawn Location: 1:00

VOD

Have the link to the VOD?

Description

Time

  • Played on: June 12, 2020, 8:57 a.m.
  • Length: 15:58
Show
View Real Time Build Order
Export as new Build Order

Bombs Terran 

Build Orders: Cyclone Opening 

Get SALT Encoding   

  12  0:01  SCV  
  13  0:13  SCV  
  14  0:17  Supply Depot  
  14  0:25  SCV  
  14  0:27  Refinery  
  15  0:39  SCV  
  16  0:45  Barracks  
  16  0:51  SCV  
  16  0:55  Refinery  
  17  1:03  SCV  
  18  1:15  SCV  
  19  1:34  Reaper, Factory  
  19  1:36  Orbital Command  
  20  1:45  Supply Depot  
  20  2:02  SCV  
  20  2:06  Reaper  
  22  2:14  SCV  
  23  2:17  Factory Tech Lab  
  23  2:26  Command Center  
  23  2:29  SCV  
  24  2:38  Cyclone  
  24  2:41  Barracks Reactor  
  24  2:43  SCV  
  28  2:48  Supply Depot  
  28  2:55  SCV  
  29  3:07  SCV  
  29  3:10  Siege Tank  
  33  3:19  SCV, Starport  
  34  3:20  Marine x2  
  36  3:33  SCV  
  37  3:38  Orbital Command  
  37  3:40  Marine x2  
  39  3:43  Siege Tank  
  39  3:46  SCV  
  43  3:57  Viking  
  43  3:58  SCV  
  43  4:00  Marine x2  
  48  4:06  SCV  
  49  4:10  SCV  
  49  4:12  Supply Depot  
  50  4:18  SCV  
  50  4:23  SCV  
  52  4:28  Supply Depot  
  52  4:29  Viking  
  54  4:33  SCV, Siege Tank  
  54  4:35  SCV  
  54  4:36  Marine  
  54  4:37  Marine  
  61  4:45  SCV  
  61  4:49  SCV  
  61  4:51  Supply Depot  
  63  4:57  SCV  
  63  4:59  Starport Reactor  
  64  5:01  Barracks Tech Lab  
  64  5:02  SCV, Barracks x2  
  64  5:07  Supply Depot  
  65  5:10  SCV  
  65  5:12  Siege Tank  
  65  5:14  SCV, Supply Depot  
  70  5:21  Marine  
  70  5:22  SCV  
  70  5:26  SCV, Stimpack  
  73  5:34  SCV, Supply Depot  
  74  5:38  SCV  
  74  5:39  Marine  
  74  5:41  Command Center  
  76  5:46  SCV  
  76  5:49  Refinery  
  77  5:50  Refinery  
  77  5:54  SCV  
  77  5:55  Starport Reactor  
  77  5:56  Marine  
  79  5:58  Engineering Bay x2  
  79  6:00  Supply Depot  
  79  6:02  Siege Tank  
  79  6:03  SCV  
  83  6:07  Supply Depot  
  83  6:09  SCV  
  83  6:10  Marine  
  85  6:16  SCV, Marine x3  
  89  6:21  SCV  
  89  6:25  Terran Infantry Weapons Level 1, Terran Infantry Armor Level 1  
  90  6:28  SCV, Marine x2  
  93  6:33  SCV  
  93  6:35  Marine x3  
  97  6:40  SCV, Medivac  
  97  6:43  Medivac  
  97  6:45  SCV  
  97  6:46  Marine  
  104  6:52  SCV  
  104  6:53  Orbital Command  
  105  6:57  SCV  
  105  7:00  Barracks x2  
  106  7:02  Marine x2  
  106  7:04  SCV  
  109  7:09  SCV, Siege Tank  
  109  7:12  Orbital Command  
  109  7:13  Supply Depot  
  109  7:15  Combat Shield  
  113  7:16  SCV  
  114  7:23  SCV  
  114  7:28  SCV, Marine  
  114  7:29  Marine x2  
  119  7:30  Medivac x2  
  119  7:34  Supply Depot  
  119  7:36  Supply Depot  
  123  7:40  Armory  
  123  7:41  Marine x2  
  123  7:42  SCV x3  
  128  7:49  Siege Tank  
  131  7:54  SCV x2  
  131  7:57  Barracks Reactor  
  131  7:58  Barracks Reactor  
  133  7:59  SCV  
  134  8:09  SCV  
  134  8:11  Marine x2  
  134  8:12  Marine x3  
  138  8:13  SCV  
  138  8:14  SCV  
  138  8:17  Refinery  
  138  8:18  Refinery, Factory  
  140  8:21  SCV  
  140  8:23  Siege Tank  
  140  8:25  Supply Depot x2  
  144  8:29  Marine x2  
  138  8:39  Medivac x2  
  138  8:40  Marine x4  
  146  8:42  SCV  
  146  8:47  Supply Depot  
  146  8:48  Terran Infantry Weapons Level 2  
  147  8:49  Supply Depot  
  147  8:55  Marine x5  
  149  8:58  Marine x4  
  149  9:00  Siege Tank  
  159  9:07  Factory Tech Lab  
  160  9:11  Medivac  
  160  9:13  Marine x5  
  160  9:16  Marine x2  
  168  9:17  Medivac  
  170  9:26  Terran Infantry Armor Level 2  
  170  9:27  Marine  
  170  9:28  Marine  
  170  9:30  Command Center, Marine  
  170  9:31  Marine x4  
  176  9:32  Siege Tank  
  176  9:34  Marine x2  
  176  9:37  Terran Vehicle Weapons Level 1  
  182  9:45  Marine x2  
  182  9:46  Siege Tank  
  182  9:48  Marine x2  
  189  9:59  Supply Depot  
  189  10:00  Supply Depot  
  189  10:17  Factory  
  189  10:18  Barracks x2  
  189  10:20  Barracks  
  189  10:21  Marine x9  
  198  10:38  Marine x3  
  198  10:39  Starport  
  198  10:40  Fusion Core  
  193  10:49  Marine x2  
  193  10:50  Marine x4  
  193  10:56  Marine x2  
  200  10:59  Planetary Fortress  
  200  11:07  Factory Tech Lab  
  200  11:16  Barracks Reactor  
  200  11:17  Barracks Reactor x2  
  200  11:19  Refinery x2  
  200  11:23  Terran Infantry Weapons Level 3  
  200  11:28  Starport Reactor  
  200  11:30  Advanced Ballistics  
  200  11:52  Terran Infantry Armor Level 3  
  200  11:55  Terran Vehicle Weapons Level 2  
Show
View Real Time Build Order
Export as new Build Order

IA (Élite) Terran - Winner!

Build Orders:  

Get SALT Encoding   

  12  0:00  SCV  
  13  0:13  SCV  
  14  0:19  Supply Depot  
  14  0:25  SCV  
  15  0:40  SCV  
  15  0:42  Barracks  
  16  0:52  SCV  
  17  1:04  SCV  
  18  1:16  SCV  
  19  1:20  Command Center  
  19  1:30  Marine  
  20  1:34  Orbital Command  
  20  1:46  Supply Depot  
  20  1:47  Marine  
  20  1:51  Refinery  
  21  2:00  SCV  
  22  2:05  Marine  
  23  2:11  Barracks  
  23  2:12  SCV  
  24  2:17  Refinery  
  24  2:23  Marine  
  24  2:24  SCV  
  26  2:31  Supply Depot  
  26  2:36  SCV  
  27  2:44  Orbital Command  
  27  2:47  Marine  
  27  2:51  SCV  
  29  3:03  SCV, Factory  
  29  3:05  Marine  
  31  3:07  Marine  
  31  3:12  SCV  
  33  3:15  SCV  
  34  3:23  Marine  
  34  3:24  SCV  
  34  3:25  Marine  
  37  3:27  SCV  
  37  3:30  Barracks  
  38  3:36  SCV  
  38  3:39  SCV  
  40  3:41  Barracks Tech Lab  
  40  3:45  Barracks Tech Lab, Factory Tech Lab  
  40  3:48  Starport  
  40  3:49  SCV  
  40  3:51  SCV  
  42  3:59  Marine  
  42  4:00  Stimpack  
  42  4:01  SCV  
  42  4:02  Marine  
  44  4:03  SCV, Combat Shield  
  44  4:09  Supply Depot  
  46  4:16  SCV x2  
  48  4:18  Marine  
  48  4:21  Marine  
  48  4:22  Marine  
  51  4:28  SCV x2  
  51  4:30  Supply Depot  
  53  4:31  Medivac  
  55  4:40  SCV x2  
  55  4:42  Siege Tank  
  55  4:43  Marine  
  55  4:45  Supply Depot, Marine  
  62  4:51  Marine  
  62  4:52  SCV  
  64  4:53  SCV, Supply Depot  
  65  5:00  Engineering Bay  
  65  5:01  Medivac  
  65  5:06  Marauder  
  69  5:07  Refinery  
  69  5:10  SCV, Marauder  
  69  5:12  Refinery  
  72  5:15  SCV  
  73  5:22  SCV  
  73  5:27  Engineering Bay, Marauder  
  76  5:30  SCV  
  76  5:31  Supply Depot  
  76  5:32  Marauder  
  76  5:34  SCV  
  80  5:37  Command Center  
  80  5:42  SCV  
  81  5:47  SCV, Terran Infantry Weapons Level 1  
  81  5:49  Marauder  
  84  5:53  Marauder  
  84  5:54  Terran Infantry Armor Level 1  
  86  5:58  Supply Depot  
  86  6:00  Barracks Reactor  
  86  6:09  Missile Turret, Siege Tank  
  86  6:10  Marauder  
  91  6:15  Concussive Shells, Marauder  
  93  6:20  Missile Turret  
  93  6:24  Supply Depot  
  93  6:26  Barracks  
  93  6:32  Marauder  
  95  6:36  Starport Reactor, Marauder  
  97  6:41  Missile Turret, Siege Tank  
  100  6:47  Supply Depot  
  100  6:49  SCV x2  
  100  6:50  SCV  
  100  6:51  Refinery  
  100  6:53  Marauder  
  105  6:59  Missile Turret  
  105  7:01  SCV  
  105  7:02  SCV, Missile Turret, Orbital Command  
  105  7:07  Marauder  
  109  7:13  SCV  
  109  7:14  SCV, Widow Mine  
  113  7:18  Supply Depot  
  113  7:23  Missile Turret  
  113  7:25  SCV  
  113  7:26  SCV  
  113  7:28  SCV  
  116  7:35  Widow Mine  
  118  7:38  SCV  
  118  7:40  SCV x2  
  118  7:42  Supply Depot  
  121  7:45  Missile Turret  
  121  7:49  Medivac  
  121  7:50  SCV  
  124  7:53  Factory  
  124  7:55  SCV, Armory  
  124  7:56  SCV, Siege Tank  
  129  8:02  SCV  
  130  8:06  Supply Depot  
  130  8:07  SCV  
  130  8:08  SCV  
  130  8:11  Command Center  
  128  8:14  SCV  
  125  8:28  Siege Tank  
  97  8:37  Widow Mine  
  82  8:43  Marauder, Marine  
  82  8:45  Marine, Terran Infantry Weapons Level 2  
  82  8:47  Marine  
  82  8:48  Command Center, Marine  
  88  9:00  Marine  
  89  9:02  Marine  
  89  9:04  Marine x2, Siege Tank  
  89  9:06  Marine  
  96  9:18  Marine  
  96  9:20  Marine  
  96  9:22  Marine  
  96  9:23  Marauder  
  101  9:24  Marine  
  102  9:35  Liberator  
  102  9:36  Marine, Siege Tank  
  102  9:38  Marine  
  109  9:42  Liberator  
  109  9:44  Marauder  
  115  9:54  Marauder  
  117  10:04  Refinery, Orbital Command  
  117  10:05  Marauder  
  117  10:06  Refinery  
  119  10:08  Siege Tank  
  119  10:09  Missile Turret  
  119  10:14  Missile Turret  
  122  10:16  Marauder  
  122  10:18  Refinery, Liberator  
  122  10:19  Refinery  
  127  10:25  Viking  
  127  10:27  Marauder  
  131  10:30  Marine x3  
  131  10:35  SCV, Supply Depot  
  134  10:37  Marauder  
  134  10:40  Siege Tank  
  134  10:42  SCV  
  117  10:44  SCV  
  117  10:47  SCV, Marine  
  117  10:48  Marine  
  95  10:51  Marine  
  95  10:52  Marine  
  95  10:54  SCV  
  95  10:55  Viking  
  95  10:57  SCV  
  95  10:58  Marine  
  95  10:59  SCV  
  95  11:01  Viking  
  100  11:05  Marine  
  100  11:06  SCV  
  100  11:07  Marine  
  100  11:09  Command Center  
  100  11:10  Marine  
  100  11:11  SCV, Marine  
  104  11:12  Siege Tank  
  104  11:14  SCV  
  104  11:16  Marauder  
  104  11:18  SCV  
  113  11:23  SCV, Marine  
  113  11:25  Marine  
  116  11:28  Marine  
  116  11:29  Marine  
  116  11:30  SCV  
  119  11:33  SCV  
  119  11:35  SCV  
  119  11:37  Marine  
  122  11:41  Marine  
  122  11:42  SCV, Marine  
  122  11:44  Siege Tank  
  122  11:46  Marine  
  129  11:47  SCV  
  129  11:49  Viking  
  129  11:50  SCV  
  133  11:54  SCV  
  133  11:55  Viking  
  133  12:00  SCV  
  137  12:03  SCV  
  137  12:04  Supply Depot  
  138  12:12  Marauder  
  138  12:15  Marauder  
  142  12:16  Siege Tank  
  142  12:19  SCV, Liberator  
  127  12:22  SCV  
  127  12:25  Liberator  
  121  12:34  Marauder  
  123  12:48  Siege Tank  
  123  12:49  Marine  
  123  12:50  SCV, Marine x2  
  123  12:51  SCV x2  
  124  12:54  Marine  
  124  12:55  Marine  
  119  13:02  Liberator  
  119  13:03  SCV x2  
  120  13:07  SCV, Marauder  
  120  13:08  Marine x2  
  120  13:11  Marine  
  101  13:13  Marauder  
  101  13:15  SCV  
  87  13:20  Siege Tank  
  88  13:28  Marine  
  88  13:29  Marine  
  69  13:34  Marauder  
  71  13:42  Command Center  
Tags
 
Add a new tag
Caveats
  • Supply blocks, unpowered buildings, or Contaminate may cause inaccurate times.
  • Supply counts are checked every 10 seconds.